 Dungeon Crawl Stone Soup version 0.21-a0-531-gacddea6 (webtiles) character file.

3472 Amnesiac the Archer (level 9, 0/54 HPs)
             Began as a Deep Elf Arcane Marksman on Dec 12, 2017.
             Was a Follower of Okawaru.
             Killed from afar by an orc wizard (9 damage)
             ... with a puff of frost
             ... on level 8 of the Dungeon.
             The game lasted 00:24:19 (10998 turns).

Amnesiac the Archer (Deep Elf Arcane Marksman)     Turns: 10998, Time: 00:24:20

Health: 0/54       AC:  6    Str: 12    XL:     9   Next: 79%
Magic:  0/18       EV: 16    Int: 19    God:    Okawaru [*.....]
Gold:   318        SH:  0    Dex: 15    Spells: 11/18 levels left

rFire    . . .     SeeInvis .   b - +2 dagger (venom)
rCold    . . .     Gourm    .   (no shield)
rNeg     . . .     Faith    .   R - +1 leather armour {rPois}
rPois    +         Spirit   +   x - +0 helmet
rElec    .         Reflect  .   j - scarf {Spirit}
rCorr    .         Harm     +   q - +0 pair of gloves
MR       .....                  (no boots)
Stlth    +.........             M - amulet of harm
HPRegen  0.18/turn              S - +2 ring of strength
MPRegen  0.16/turn              P - ring of wizardry (curse)

@: no status effects
A: no striking features
a: Heroism, Renounce Religion


You were on level 8 of the Dungeon.
You worshipped Okawaru.
Okawaru was aware of your devotion.
You were not hungry.

You visited 2 branches of the dungeon, and saw 9 of its levels.

You collected 318 gold pieces.

Inventory:

Hand Weapons
 a - a +0 shortbow
 b - a +2 dagger of venom (weapon)
 w - a +0 quarterstaff
 B - a +0 hunting sling
Missiles
 d - 134 arrows
 e - 75 sling bullets
 t - 189 stones
 E - 2 needles of confusion
 I - 8 curare-tipped needles
 N - 3 javelins (quivered)
Armour
 j - a scarf of spirit shield (worn)
 q - a +0 pair of gloves (worn)
 x - a +0 helmet (worn)
 R - a +1 leather armour of poison resistance (worn)
Jewellery
 g - an uncursed ring of ice
 o - an uncursed ring of positive energy
 M - an amulet of harm (around neck)
 O - an uncursed ring of see invisible
 P - a cursed ring of wizardry (right hand)
 S - a +2 ring of strength (left hand)
Wands
 C - a wand of paralysis (22)
 J - a wand of acid (8)
 Q - a wand of polymorph (13)
 U - a wand of flame (24)
Scrolls
 m - 2 scrolls of fear {!r, unknown}
 n - 8 scrolls of remove curse {!r}
 p - 3 scrolls of amnesia {!r, unknown}
 u - 3 scrolls of magic mapping {!r, unknown}
 y - a scroll of teleportation {!r, unknown}
 z - a scroll of enchant armour {!r, unknown}
 D - a scroll of blinking {!r, unknown}
 F - a scroll of noise {!r, unknown}
 K - 7 scrolls of identify {!r}
Potions
 i - a potion of berserk rage {!q}
 l - 2 potions of flight {!q}
 r - a potion of mutation {!q}
 s - 3 potions of curing {!q}
 v - a potion of ambrosia {!q}
 A - 2 potions of resistance {!q}
 G - a potion of agility {!q}
 H - 2 potions of heal wounds {!q}
 L - a potion of might {!q}
Books
 c - a book of Debilitation

   Spells                             Type                      Level
   a - Corona                         Hexes                        1
   b - Slow                           Hexes                        2
   c - Inner Flame                    Hexes/Fire                   3
   d - Portal Projectile              Hexes/Translocation          3
   e - Cause Fear                     Hexes                        4
   f - Leda's Liquefaction            Hexes/Earth                  4
Comestibles
 f - 4 bread rations
 h - 6 meat rations
 k - 7 royal jellies
 T - a chunk of flesh


   Skills:
 + Level 5.2 Fighting
 * Level 9.9 Bows
 + Level 7.7 Dodging
 - Level 5.0 Spellcasting
 - Level 8.0 Hexes


You had 11 spell levels left.
You knew the following spells:

 Your Spells              Type           Power        Failure   Level  Hunger
a - Corona                Hex            #####..      1%          1    None
b - Cause Fear            Hex            #####.....   2%          4    ####...
e - Slow                  Hex            #####...     1%          2    #......


Dungeon Overview and Level Annotations

Branches:
Dungeon (8/15)             Temple (1/1) D:5
   Lair: D:8-11

Altars:
Ashenzari
Cheibriados
Dithmenos
Elyvilon
Fedhas
Hepliaklqana
Kikubaaqudgha
Makhleb
Nemelex Xobeh
Okawaru
Qazlal
Ru
Sif Muna
Trog
Uskayaw
Vehumet
Yredelemnul
Zin
The Shining One

Shops:
D:4 [

Annotations:
D:7 Dowan, Duvessa


Message History

N - 3 javelins (gained 1)
t - 189 stones (gained 2)
You now have 318 gold pieces (gained 17).
Key pressed, stopping explore.
You open the door.
There is an open door here.
K - 7 scrolls of identify {!r} (gained 1)
You open the door. 2 orc priests and an orc wizard come into view.
The orc wizard shouts!
You hear a shout!
The orc priest shouts!
The orc wizard gestures wildly while chanting.
The orc wizard seems to speed up.
You hear a shout!
An orc comes into view.
Casting: Cause Fear
Confirm with . or Enter, or press ? or * to list all spells.
The orc looks frightened!
The orc wizard looks frightened!
The orc priest resists with almost no effort.
The orc priest looks frightened!
The orc wizard mumbles some strange words.
The orc wizard flickers and vanishes!
Deactivating autopickup; reactivate with Ctrl-A.
You hit the orc priest but do no damage.
The orc priest is poisoned.
The orc priest completely misses you.
An orc comes into view. It is wielding a whip.
You hit the orc priest.
The orc priest looks as sick as possible!
The orc priest is heavily wounded.
The orc priest barely misses you.
You barely miss the orc priest.
The orc priest is severely wounded.
An orc comes into view. It is wielding a whip.
The orc priest misses you.
There is an open door, spattered with blood here.
You kill the orc priest!
Okawaru accepts your kill. Something hits you.
The two-headed ogre shouts in stereo!
Something hits you but does no damage.
You hear some strange, mumbled words.
A puff of flame appears from out of thin air!
The puff of flame hits you! Something hits you but does no damage.
The two-headed ogre hits you with a giant club.
The two-headed ogre hits you with a giant spiked club!!
Something hits you but does no damage.
There is an open door here.
You hear some strange, mumbled words.
A puff of flame appears from out of thin air!
The puff of flame hits you!
* * * LOW HITPOINT WARNING * * *
You hear some strange, mumbled words.
A puff of frost appears from out of thin air!
The puff of frost hits you!
* * * LOW HITPOINT WARNING * * *
You hit something. Something hits you but does no damage.
You closely miss something. Something hits you.
* * * LOW HITPOINT WARNING * * *
Something hits you.
* * * LOW HITPOINT WARNING * * *
You hear some strange, mumbled words.
A puff of frost appears from out of thin air!
The puff of frost hits you!
You die...

####### #.....#......
#...รท<#......... .
#.....#......... ..
#.....#........ ..
##########...@.#.##...# .#
.............###.##...###'###.
.............#........$'......
.............#.........#......
...........oO#.........#.....o
.........[...#.........#......
.............#'####..#########
...###'#........###..# ...
...#....)...#....# ..


You could see a two-headed ogre and an orc.

Vanquished Creatures
  A two-headed ogre (D:6)
  A wyvern (D:8)
  2 humans (D:7)
  Edmund (D:5)
  2 orc warriors
  An ice beast (D:5)
  2 centaurs
  4 bullfrogs
  5 killer bees (D:8)
  2 scorpions
  A howler monkey (D:5)
  2 crimson imps
  4 jellies
  3 orc priests
  5 bullfrog skeletons
  5 hounds
  2 iguanas
  Ijyb (D:5)
  5 orc wizards
  5 worker ants
  A mummy (D:5)
  Robin (D:2)
  4 gnolls (D:4)
  8 adders
  2 shadow imps
  2 adder skeletons
  8 worms
  5 dart slugs
  3 leopard geckos
  22 orcs
  4 giant cockroaches
  20 goblins
  7 hobgoblins
  16 jackals
  5 kobolds
  A quokka (D:7)
  A ball python (D:1)
  10 bats
  6 frilled lizards
  A hobgoblin zombie (D:5)
  A kobold zombie (D:5)
  A leopard gecko skeleton (D:5)
  2 orc zombies (D:5)
  A quokka zombie (D:8)
  10 rats
  A spectral orc (D:6)
197 creatures vanquished.

Vanquished Creatures (others)
  A quokka (D:6)
1 creature vanquished.

Grand Total: 198 creatures vanquished

Notes
Turn   | Place    | Note
-------+----------+-------------------------------------------
     0 | D:1      | Amnesiac the Deep Elf Arcane Marksman began the quest for the Orb.
     0 | D:1      | Reached XP level 1. HP: 11/11 MP: 5/5
   103 | D:1      | Reached XP level 2. HP: 16/16 MP: 4/6
   107 | D:1      | Learned a level 2 spell: Slow
   164 | D:1      | Reached skill level 1 in Fighting
   542 | D:1      | Reached XP level 3. HP: 9/20 MP: 4/8
  1429 | D:2      | Found a sparkling altar of Nemelex Xobeh.
  1595 | D:2      | Reached skill level 3 in Bows
  2287 | D:1      | Reached XP level 4. HP: 22/25 MP: 5/9
  2343 | D:2      | Found a faded altar of an unknown god.
  2598 | D:2      | Reached skill level 5 in Hexes
  2780 | D:2      | Noticed Robin
  2871 | D:2      | Killed Robin
  3347 | D:3      | Learned a level 4 spell: Cause Fear
  3816 | D:3      | Reached XP level 5. HP: 29/29 MP: 8/11
  4778 | D:4      | Reached skill level 4 in Bows
  4806 | D:4      | Reached XP level 6. HP: 32/35 MP: 2/13
  6123 | D:4      | Found Resumpim's Antique Armour Shop.
  6384 | D:5      | Entered Level 5 of the Dungeon
  6422 | D:5      | Reached XP level 7. HP: 30/40 MP: 11/15
  6492 | D:5      | Noticed Edmund
  6506 | D:5      | Noticed Ijyb
  6516 | D:5      | Killed Edmund
  6516 | D:5      | Reached skill level 5 in Bows
  6572 | D:5      | Killed Ijyb
  7133 | D:5      | Found a staircase to the Ecumenical Temple.
  7155 | Temple   | Entered the Ecumenical Temple
  7423 | D:5      | Reached XP level 8. HP: 31/45 MP: 9/17
  8246 | D:5      | Reached skill level 6 in Bows
  8246 | D:5      | Reached skill level 5 in Spellcasting
  8623 | D:6      | Reached skill level 5 in Dodging
  8747 | D:6      | Found a glowing silver altar of Zin.
  9284 | D:6      | Found a white marble altar of Elyvilon.
  9284 | D:6      | Paralysed by an orc for 7 turns
  9381 | D:6      | Found a glowing golden altar of the Shining One.
  9451 | D:6      | Reached skill level 7 in Bows
  9539 | D:6      | Found a blossoming altar of Fedhas.
  9542 | D:6      | Found an ancient bone altar of Kikubaaqudgha.
  9623 | D:6      | Found a basalt altar of Yredelemnul.
  9874 | D:7      | Noticed a two-headed ogre
  9956 | D:6      | Killed a two-headed ogre
  9956 | D:6      | Reached skill level 8 in Bows
  9956 | D:6      | Reached XP level 9. HP: 52/52 MP: 14/18
 10087 | D:7      | Noticed Duvessa
 10251 | D:7      | Found an iron altar of Okawaru.
 10257 | D:7      | Became a worshipper of Warmaster Okawaru
 10275 | D:7      | Reached skill level 9 in Bows
 10495 | D:7      | Noticed Dowan
 10623 | D:8      | Reached skill level 5 in Fighting
 10696 | D:8      | Reached * piety under Okawaru
 10701 | D:8      | Noticed a two-headed ogre
 10998 | D:8      | Killed from afar by an orc wizard

Vault maps used:
D:1:      mrwooster_arrival_arrow, hangedman_decor_points, minmay_surrounded
D:2:      marbit_many_paths, chequers_ecumenical_altar_simple, uniq_robin
D:3:      minmay_splitting_lines, minmay_misc_feat_nine_boxes
D:4:      first_bread, serial_shops, kennysheep_mini, minmay_bisected
D:5:      wad_lake_hut, minmay_temple_entry_poolview, minmay_mini_ossuary,
          uniq_ijyb, uniq_edmund
D:6:      grunt_temple_overflow_growth_and_decay,
          yredelemnul_forgotten_temple_becter, elyvilon_altar_4, zin_statuary,
          basic_altar
D:7:      old_forge, okawaru_humans, grunt_ogre_cave, hangedman_decor_lopped,
          uniq_joseph, uniq_duvessa, uniq_crazy_yiuf_cottage
D:8:      cheibrodos_shockbox, kennysheep_mini_moat, erik_lair_dragon,
          basic_altar, lemuel_angel_altar
Temple:   jpeg_temple_clearing

Skill      XL: |  1  2  3  4  5  6  7  8  9 |
---------------+----------------------------+-----
Fighting       | 1 2 4 5 |  5.2
Spellcasting   | 2 3 4 5 |  5.0
Bows           | 3 4 5 8 9 |  9.9
Hexes          | 5 6 7 8 |  8.0
Dodging        | 3 4 6 7 |  7.7

Action                   |  1- 3 |  4- 6 |  7- 9 || total
-------------------------+-------+-------+-------++-------
Melee: Dagger            |       |   146 |   289 ||   435
       Quarterstaff      |       |    39 |    17 ||    56
 Fire: Shortbow          |   147 |    62 |    50 ||   259
Throw: Stone             |       |    50 |    32 ||    82
       Javelin           |       |       |     3 ||     3
 Cast: Corona            |    42 |    32 |    32 ||   106
       Slow              |     8 |    37 |    38 ||    83
       Cause Fear        |       |       |    12 ||    12
Evoke: Wand              |       |       |     5 ||     5
  Use: Scroll            |       |     8 |     3 ||    11
 Stab: Sleeping          |       |     1 |       ||     1
       Distracted        |       |     1 |       ||     1
       Paralysed         |       |       |     4 ||     4
  Eat: Chunk             |     4 |    15 |    16 ||    35
       Fruit             |       |       |     2 ||     2
Armor: Robe              |     8 |    25 |       ||    33
       Leather armour    |       |     8 |    50 ||    58
       Ring mail         |       |     3 |       ||     3
Dodge: Dodged            |    44 |   123 |   215 ||   382

Table legend:
 A = Spawn XP
 B = Non-spawn XP
 C = Spawn XP percentage of total XP
 D = Spawn monster count
 E = Non-spawn monster count
 F = Spawn count percentage of total count
 G = Total turns spent on level
                    A         B        C        D         E        F      G
               +---------+---------+-------+---------+---------+-------+---------
         Total |       0 |    4960 |   0.0 |       0 |     197 |   0.0 | 10998
               +---------+---------+-------+---------+---------+-------+---------
           D:1 |       0 |      68 |   0.0 |       0 |      33 |   0.0 |  1732
           D:2 |       0 |     112 |   0.0 |       0 |      38 |   0.0 |  1969
           D:3 |       0 |     110 |   0.0 |       0 |      17 |   0.0 |   934
           D:4 |       0 |     431 |   0.0 |       0 |      20 |   0.0 |  1760
           D:5 |       0 |     936 |   0.0 |       0 |      35 |   0.0 |  2050
           D:6 |       0 |    1604 |   0.0 |       0 |      20 |   0.0 |  1300
           D:7 |       0 |     920 |   0.0 |       0 |      15 |   0.0 |   620
           D:8 |       0 |     779 |   0.0 |       0 |      19 |   0.0 |   498
               +---------+---------+-------+---------+---------+-------+---------
